 Dungeon Crawl Stone Soup version 0.29.1-15-g9cfb28693d (webtiles) character file.

Game seed: 17050065197313431446

14544 LLlMATKO the Fighter (level 11, 0/101 HPs)
             Began as a Minotaur Berserker on Apr 19, 2023.
             Was an Elder of Trog.
             Slain by Sonja
             ... wielding a +0 short sword of distortion
              (5 damage)
             ... on level 2 of the Lair of Beasts.
             The game lasted 00:12:52 (14240 turns).

LLlMATKO the Fighter (Minotaur Berserker)          Turns: 14240, Time: 00:12:53

Health: 0/101      AC: 10    Str: 25    XL:     11   Next: 90%
Magic:  10/10      EV: 23    Int:  4    God:    Trog [****..]
Gold:   527        SH:  0    Dex: 11    Spells: 10/10 levels left

rFire   + + .      SeeInvis .   (weapon currently unavailable)
rCold   + + .      Faith    .   (shield currently unavailable)
rNeg    + + +      Spirit   .   (body armour currently unavailable)
rPois   ∞          Reflect  .   (helmet currently unavailable)
rElec   +          Harm     .   (cloak currently unavailable)
rCorr   +          Rampage  .   (gloves currently unavailable)
Will    .....                   (boots currently unavailable)
Stlth   ..........              (amulet currently unavailable)
HPRegen 0.26/turn               (ring currently unavailable)
MPRegen 0.12/turn               (ring currently unavailable)

@: wisp-form (expiring), silenced, on berserk cooldown, flying, slowed, very
slow
A: insubstantial, flying, no casting, tiny, (horns 2), (retaliatory headbutt)
a: Renounce Religion


You were on level 2 of the Lair of Beasts.
You worshipped Trog.
Trog was greatly pleased with you.
You were an insubstantial wisp.
You visited 2 branches of the dungeon, and saw 13 of its levels.

You collected 714 gold pieces.
You spent 187 gold pieces at shops.

Inventory:

Hand Weapons
 i - a +1 broad axe of flaming (melded)
 C - a +0 arbalest
 O - a +4 spear
Missiles
 d - 7 javelins
 y - 15 poisoned darts (quivered)
 V - 2 boomerangs
 Z - 6 datura-tipped darts
Armour
 t - the +3 ring mail "Hero's Friend" (melded) {Dex+7}
   (You found it on level 2 of the Dungeon)

   Dex:       It affects your dexterity (+7).
 G - a +0 kite shield (melded)
 J - a +0 pair of gloves (melded)
 P - a +1 pair of boots (melded)
 U - a +0 cloak (melded)
Jewellery
 b - an amulet of reflection (melded)
 c - a ring of flight (melded)
 l - a ring of poison resistance (melded)
 s - a +6 ring of intelligence
 H - a ring of see invisible
 X - an amulet of regeneration
Wands
 v - a wand of charming (11)
 A - a wand of iceblast (3)
 I - a wand of quicksilver (3)
 R - a wand of flame (14)
 W - a wand of digging (6)
Scrolls
 g - 4 scrolls of fear
 k - 4 scrolls of immolation
 o - 3 scrolls of enchant armour {unknown}
 p - 3 scrolls of teleportation {unknown}
 q - 16 scrolls of identify {unknown}
 r - 5 scrolls of magic mapping {unknown}
 x - a scroll of brand weapon {unknown}
 D - a scroll of summoning {unknown}
 E - 5 scrolls of blinking {unknown}
 F - 2 scrolls of amnesia {unknown}
 L - 2 scrolls of fog {unknown}
 M - a scroll of vulnerability {unknown}
 T - a scroll of enchant weapon {unknown}
 Y - a scroll of torment {unknown}
Potions
 a - 2 potions of degeneration {unknown}
 e - a potion of resistance {unknown}
 f - 4 potions of curing {unknown}
 h - 4 potions of cancellation {unknown}
 j - 3 potions of attraction {unknown}
 m - 3 potions of lignification {unknown}
 u - 3 potions of heal wounds {unknown}
 w - 4 potions of mutation {unknown}
 z - 2 potions of brilliance {unknown}
 B - 4 potions of might {unknown}
 K - 2 potions of magic {unknown}
 N - 2 potions of berserk rage {unknown}
 Q - a potion of flight {unknown}
 S - a potion of invisibility {unknown}


   Skills:
 + Level 10.7 Fighting
 + Level 10.7 Axes
 + Level 7.6 Ranged Weapons
 + Level 10.4 Armour
 + Level 9.6 Dodging
 + Level 8.0 Shields


You had 10 spell levels left.
You didn't know any spells.
Your spell library was empty.

Dungeon Overview and Level Annotations

Branches:
Dungeon (11/15)            Temple (0/1) D:7            Lair (2/5) D:9
  Swamp: Lair:2-3    Shoals: Lair:2-3     Snake: Lair:2-3    Spider: Lair:2-3
    Orc: D:9-12

Altars:
Gozag
Okawaru
Vehumet
Yredelemnul

Shops:
D:3 =   D:8 *:

Annotations:
D:7 3 runed translucent doors, ioannis32's ghost, novice DsBe
D:9 2 transporters, Manslay's ghost, novice OpCj
D:11 Lodul; Urug
Lair:2 Sonja


Innate Abilities, Weirdness & Mutations

You are an insubstantial wisp.
Your tiny insubstantial body is highly resistant to most damage types.
You are flying.
Your equipment is entirely melded.
You are incapable of wielding weapons or throwing items.
You cannot cast spells.
((You have a pair of horns on your head.))
((You reflexively headbutt those who attack you in melee.))


Message History

The wolf spider hits you!!
* * * LOW HITPOINT WARNING * * *
The wolf spider closely misses you. The wolf spider hits you.
* * * LOW HITPOINT WARNING * * *
The wolf spider closely misses you.
As you read the scroll labelled QOATWY UNTOF, it crumbles to dust.
You assume a fearsome visage.
The wolf spider looks frightened! x2
The wolf looks frightened!
Sonja looks frightened!
The six-headed hydra looks frightened!
The torpor snail easily resists.
It was a scroll of fear.
Sonja mumbles some strange words.
Sonja blinks!
The torpor snail barely misses you.
Cornered, the wolf turns to fight!
The torpor snail completely misses you.
You see here a blink frog corpse.
The wolf attacks as you move away! The wolf bites you but does no damage.
Sonja mumbles some strange words.
Sonja blinks!
Sonja completely misses you.
Sonja hits you with a +0 short sword of distortion.
* * * LOW HITPOINT WARNING * * *
You blink.
Unknown command.
As you read the scroll labelled BOUSCH EROZXI, it crumbles to dust.
The creatures around you are filled with an inner flame!
It was a scroll of immolation.
Your transformation is almost over.
The wolf misses you.
Sonja plants her feet in a plie.
Sonja throws a curare-tipped dart.
The curare-tipped dart completely misses you.
The wolf misses you. The wolf barely misses you.
As you read the scroll labelled MUOGGEX WAANG, it crumbles to dust.
A profound silence engulfs you.
It was a scroll of silence.
The wolf closely misses you. The wolf misses you. Sonja closely misses you.
Sonja hits you but does no damage. Space warps around you.
* * * LOW HITPOINT WARNING * * *
Sonja barely misses you. The torpor snail completely misses you.
The wolf closely misses you. Sonja barely misses you. Sonja closely misses you.
Sonja hits you but does no damage. Space warps around you.
You die...

#########
##.K##.#.#####
#.vw.........#
##.h........# .
#....†....?.###..
#...†.......§....
..s#.<†..>....P$#
..#..#..........P.#
#..+......D....# .#
####...<...#.# .#
#.####.?..#


You could see a six-headed hydra (inner flame), a torpor snail (inner flame), a
wolf spider, Sonja (inner flame) and a wolf (inner flame).

Vanquished Creatures
  A hydra (Lair:1)
  A two-headed ogre (D:10)
  2 black mambas (Lair:1)
  Maurice (D:9)
  2 cane toads (Lair:1)
  An unseen horror (D:9)
  Maggie (Lair:1)
  A komodo dragon (D:9)
  A troll (D:10)
  9 blink frogs
  Grinder (D:4)
  4 dream sheep (Lair:2)
  A wyvern (Lair:1)
  21 yaks
  A steam dragon (D:9)
  3 vampire mosquitoes (D:10)
  2 acid dragons
  2 water moccasins
  4 orc warriors
  3 ice beasts
  2 sky beasts
  10 wolves
  3 ogres
  2 centaurs
  3 phantoms
  4 bullfrogs
  2 necrophages (D:5)
  2 scorpions
  8 wights
  An electric eel (Lair:1)
  3 howler monkeys
  4 hounds
  2 orc priests
  3 gnoll boudas
  5 iguanas
  6 orc wizards
  8 adders
  10 gnolls
  2 shadow imps (D:7)
  A dart slug (D:3)
  24 orcs
  4 bats
  7 endoplasms
  4 giant cockroaches
  15 goblins
  9 hobgoblins
  7 jackals (D:1)
  3 quokkas
  5 ball pythons
  5 frilled lizards
  5 kobolds
  7 rats
  11 bushes (D:3)
249 creatures vanquished.

Vanquished Creatures (others)
  6 fungi
  23 plants
29 creatures vanquished.

Grand Total: 278 creatures vanquished

Notes
Turn   | Place    | Note
-------+----------+-------------------------------------------
     0 | D:1      | LLlMATKO the Minotaur Berserker began the quest for the
                  | Orb.
     0 | D:1      | Reached XP level 1. HP: 19/19 MP: 0/0
   202 | D:1      | Reached XP level 2. HP: 13/27 MP: 1/1
   369 | D:1      | Found a faded altar of an unknown god.
   790 | D:2      | Reached XP level 3. HP: 33/33 MP: 2/2
   813 | D:2      | Reached ** piety under Trog
  1531 | D:2      | Identified the +3 ring mail "Hero's Friend" {Dex+7}
  2046 | D:3      | Reached XP level 4. HP: 38/41 MP: 3/3
  2277 | D:3      | Found Bikineigo's Jewellery Shoppe.
  2824 | D:3      | Found an opulent altar of Gozag.
  2833 | D:3      | Found a radiant altar of Vehumet.
  3877 | D:4      | Noticed a phantom
  3886 | D:4      | Killed a phantom
  3887 | D:4      | Reached XP level 5. HP: 44/47 MP: 4/4
  3932 | D:4      | Noticed Grinder
  3934 | D:4      | Paralysed by Grinder for 4 turns
  3944 | D:4      | Reached *** piety under Trog
  3945 | D:4      | Reached skill level 5 in Fighting
  3950 | D:4      | HP: 3/72 [Grinder (5)]
  3955 | D:4      | Killed Grinder
  3956 | D:4      | Reached skill level 5 in Axes
  3956 | D:4      | Reached XP level 6. HP: 4/56 MP: 5/5
  5058 | D:5      | Entered Level 5 of the Dungeon
  5088 | D:5      | Reached skill level 5 in Armour
  5088 | D:5      | Reached XP level 7. HP: 60/62 MP: 6/6
  5223 | D:5      | Reached skill level 5 in Dodging
  5397 | D:5      | Reached XP level 8. HP: 66/71 MP: 7/7
  5826 | D:6      | Reached skill level 1 in Ranged Weapons
  6061 | D:6      | Reached skill level 1 in Shields
  7006 | D:7      | Found an iron altar of Okawaru.
  7090 | D:7      | Reached XP level 9. HP: 79/79 MP: 8/8
  7380 | D:7      | Reached **** piety under Trog
  7524 | D:7      | Found a runed translucent gate.
  7524 | D:7      | Found a runed translucent gate.
  7524 | D:7      | Found a runed translucent gate.
  7525 | D:7      | Noticed a kobold demonologist
  7525 | D:7      | Noticed ioannis32's ghost (novice DsBe)
  7802 | D:7      | Found a basalt altar of Yredelemnul.
  7838 | D:7      | Found a staircase to the Ecumenical Temple.
  8557 | D:8      | Found Ykoal's Assorted Antiques.
  8560 | D:8      | Bought a pair of runed boots for 187 gold pieces
  9041 | D:8      | Found Idehafriyll's Book Boutique.
  9304 | D:9      | HP: 6/121 [something (3)]
  9307 | D:9      | Killed an unseen horror
  9807 | D:9      | Found a staircase to the Lair.
  9808 | D:9      | Noticed a komodo dragon
  9824 | D:9      | Killed a komodo dragon
  9892 | D:9      | Reached XP level 10. HP: 90/90 MP: 9/9
  9907 | D:9      | Found a transporter.
  9979 | D:9      | Noticed Manslay's ghost (novice OpCj)
  9983 | D:9      | Noticed Maurice
 10005 | D:9      | Killed Maurice
 10182 | D:9      | Reached skill level 5 in Shields
 10247 | D:9      | Found a transporter.
 10677 | D:9      | Reached skill level 5 in Ranged Weapons
 10930 | D:10     | Entered Level 10 of the Dungeon
 11602 | D:10     | Noticed a two-headed ogre
 11612 | D:10     | Killed a two-headed ogre
 11840 | D:10     | Reached XP level 11. HP: 87/99 MP: 10/10
 12132 | D:11     | Noticed Urug
 12132 | D:11     | Noticed Lodul
 12205 | Lair:1   | Entered Level 1 of the Lair of Beasts
 12205 | Lair:1   | Noticed a four-headed hydra
 12212 | Lair:1   | Killed a one-headed hydra
 12222 | Lair:1   | Reached skill level 10 in Fighting
 12323 | Lair:1   | Reached skill level 10 in Axes
 12523 | Lair:1   | Reached skill level 10 in Armour
 12541 | Lair:1   | Noticed Maggie
 12560 | Lair:1   | Killed Maggie
 14026 | Lair:2   | Noticed Sonja
 14037 | Lair:2   | Noticed a six-headed hydra
 14038 | Lair:2   | Noticed a wolf spider
 14225 | Lair:2   | Noticed a wolf spider
 14240 | Lair:2   | HP: 5/101 [Sonja/+0 short sword of distortion (2)]
 14240 | Lair:2   | Slain by Sonja

Illustrated notes

Levels and vault maps discovered:
D:1:      lightli_arrival_chessboard, layout_basic,
          shapermc_ecumenical_altar_hornbeckon
D:2:      layout_basic
D:3:      layout_loops_ring, mainiacjoe_overflow_swirl, serial_forest,
          infiniplex_forest_clump_diagonal, infiniplex_forest_clump_curved,
          infiniplex_forest_straight_2, infiniplex_forest_clump_small,
          infiniplex_forest_lined_room_2, infiniplex_forest_end_2,
          infiniplex_forest_lined_2, infiniplex_forest_straight_4,
          infiniplex_forest_zigzag_1, serial_shops, nicolae_shop_statue_plus,
          minmay_goblin_outpost
D:4:      layout_basic, uniq_grinder
D:5:      layout_basic
D:6:      layout_loops_ring, hangedman_decor_opposing, minmay_microvault
D:7:      layout_basic, yredelemnul_altar_generic, amcnicky_altar_gilded,
          minmay_temple_entry_hall, gammafunk_ghost_nasty_kobolds,
          kennysheep_opposing_triangles
D:8:      layout_loops_ring, serial_shops, kennysheep_little_box,
          kennysheep_mini_moat
D:9:      layout_loops_corners, david_lair_shrubbed, gammafunk_ghost_hive,
          kennysheep_flooded_box, nrook_mini_vaults, uniq_maurice
D:10:     layout_roguey
D:11:     layout_irregular_city, grunt_dithmenos_smoke_and_mirrors,
          uniq_erolcha, uniq_urug, uniq_lodul
Lair:1:   layout_layer_cave, serial_rivers, chequers_serial_rivers_room_a,
          chequers_serial_rivers_small_b, chequers_serial_rivers_room_b,
          chequers_serial_rivers_micro_a, chequers_serial_rivers_micro_c,
          infiniplex_staircase_pool_2, serial_bayou_shore_a,
          lemuel_fruit_fields, uniq_maggie
Lair:2:   layout_roguey, portal_ice_cave_rime, basic_altar,
          nicolae_lair_run_with_the_wolves, uniq_fannar, uniq_sonja

Skill      XL: |  1  2  3  4  5  6  7  8  9 10 11 |
---------------+----------------------------------+-----
Fighting       | 4 5 6 7 8 9 10 | 10.7
Axes           | 4 5 6 7 8 9 10 | 10.7
Armour         | 3 4 5 6 7 8 9 10 | 10.4
Dodging        | 3 4 5 6 7 8 9 |  9.6
Ranged Weapons | 3 4 6 7 |  7.6
Shields        | 2 4 6 8 |  8.0

Action                   |  1- 3 |  4- 6 |  7- 9 | 10-12 || total
-------------------------+-------+-------+-------+-------++-------
Melee: Hand axe          |   120 |   659 |   294 |   245 ||  1318
       Headbutt          |    10 |   230 |    70 |    58 ||   368
       Punch             |       |    12 |       |       ||    12
       Broad axe         |       |       |       |    28 ||    28
       Unarmed           |       |       |       |     8 ||     8
Throw: Javelin           |     1 |       |       |       ||     1
       Dart              |       |       |       |     5 ||     5
Invok: Berserk           |       |     1 |     2 |     6 ||     9
  Use: Scroll            |       |       |       |     3 ||     3
 Stab: Sleeping          |     1 |       |       |       ||     1
Armor: Animal skin       |    17 |       |       |       ||    17
       Chain mail        |    29 |       |       |       ||    29
       Ring mail         |     9 |    16 |   103 |    64 ||   192
       Skin              |       |       |       |    12 ||    12
Dodge: Dodged            |    57 |    32 |    95 |   224 ||   408
Block: Other             |    11 |    18 |    16 |     2 ||    47
       Kite shield       |       |       |   132 |   240 ||   372
       Reflection        |       |       |     6 |     1 ||     7
